 Dungeon Crawl Stone Soup version 0.21-a0-400-g417d9d2 (webtiles) character file.

19 Hasart the Sneak (level 2, -2/13 HPs)
             Began as a Spriggan Enchanter on Oct 20, 2017.
             Slain by a hobgoblin
             ... wielding a +0 club
              (5 damage)
             ... on level 2 of the Dungeon.
             The game lasted 00:01:36 (1067 turns).

Hasart the Sneak (Spriggan Enchanter)               Turns: 1067, Time: 00:01:36

Health: -2/13      AC:  2    Str:  4    XL:     2   Next: 55%
Magic:  5/7        EV: 18    Int: 16    God:
Gold:   60         SH:  0    Dex: 16    Spells: 4/7 levels left

rFire    . . .     SeeInvis +   a - +1 dagger
rCold    . . .     Gourm    .   (shield restricted)
rNeg     . . .     Faith    .   b - +0 robe
rPois    .         Spirit   .   (helmet restricted)
rElec    .         Reflect  .   (no cloak)
rCorr    .         Harm     .   (gloves unavailable)
MR       .....                  (boots unavailable)
Stlth    +++.......             (no amulet)
HPRegen  0.04/turn              (no ring)
MPRegen  0.10/turn              (no ring)

@: very quick
A: unfitting armour, see invisible, herbivore 3, speed 3, slow metabolism 2
a: no special abilities


You were on level 2 of the Dungeon.
You were not hungry.

You visited 1 branch of the dungeon, and saw 2 of its levels.

You collected 60 gold pieces.

Inventory:

Hand Weapons
 a - a +1 dagger (weapon)
Armour
 b - a +0 robe (worn)
Scrolls
 e - 2 scrolls of identify {unknown}
 g - a scroll of fog {unknown}
 j - a scroll of enchant weapon {unknown}
Potions
 h - a potion of haste {unknown}
 i - a potion of curing {unknown}
Books
 c - a book of Maledictions

   Spells                             Type                      Level
   a - Corona                         Hexes                        1
   b - Ensorcelled Hibernation        Hexes/Ice                    2
   c - Confuse                        Hexes                        3
   d - Tukima's Dance                 Hexes                        3
   e - Dazzling Spray                 Conjuration/Hexes            3
Comestibles
 d - 2 bread rations
 f - 4 fruits


   Skills:
 - Level 1.1 Short Blades
 - Level 3.0 Dodging
 - Level 4.4 Stealth
 + Level 3.2 Spellcasting
 * Level 4.4 Hexes


You had 4 spell levels left.
You knew the following spells:

 Your Spells              Type           Power        Failure   Level  Hunger
a - Corona                Hex            ###....      3%          1    None
b - Ensorcelled Hibernat  Hex/Ice        #.....       11%         2    ##.....


Dungeon Overview and Level Annotations

Branches:
Dungeon (2/15)

Altars:


Innate Abilities, Weirdness & Mutations

You are very small and have problems with some larger weapons.
You are too small for most types of armour.
You have supernaturally acute eyesight. (SInv)
You are a herbivore.
You cover ground extremely quickly.
You need consume almost no food.


Message History

You kill the goblin!
You see here a goblin corpse.
Things that are here:
a club; a goblin corpse A worm comes into view.
A hobgoblin comes into view. It is wielding a club.
Casting: Ensorcelled Hibernation
Confirm with . or Enter, or press ? or * to list all spells.
Aiming: Ensorcelled Hibernation
Press: ? - help, Shift-Dir - straight line, f - worm
Aim: a worm (chance to defeat MR: 50%)
The worm looks drowsy...
The hobgoblin barely misses you.
Found a scroll labeled RISEVOTHEN.
The worm bites you!
Ouch! That really hurt!
* * * LOW HITPOINT WARNING * * *
An adder comes into view.
The hobgoblin hits you with a club.
You die...

......... .. ........
...#.#.... ...#.#...#
#.......#### #
###..w.....#.#
#............##
#...#.g......?.
#...#..@.....##
##.#..........#
######..##...(.......
#...................S
#..†..........##..##.
#......)....### #...
#....<......# ##..
#............# #.
#..........#.#


You could see a worm, an adder (sleeping) and a hobgoblin.

Vanquished Creatures
  2 dart slugs (D:1)
  A leopard gecko (D:1)
  A bat (D:1)
  5 goblins
  2 ball pythons (D:1)
  A kobold (D:1)
  2 rats (D:1)
14 creatures vanquished.

Notes
Turn   | Place    | Note
-------+----------+-------------------------------------------
     0 | D:1      | Hasart the Spriggan Enchanter began the quest for the Orb.
     0 | D:1      | Reached XP level 1. HP: 9/9 MP: 5/5
   382 | D:1      | Reached XP level 2. HP: 13/13 MP: 7/7
   386 | D:1      | Learned a level 2 spell: Ensorcelled Hibernation
  1067 | D:2      | Slain by a hobgoblin

Vault maps used:
D:1:      dpeg_arrival_round_c
D:2:      yredelemnul_altar_generic, nicolae_overflow_hidden_temple,
          chequers_ecumenical_altar_simple, minmay_split_cup_large

Skill      XL: |  1 |
---------------+----+-----
Hexes          | 4 |  4.4
Spellcasting   | 3 |  3.2
Short Blades   | |  1.1
Dodging        | |  3.0
Stealth        | |  4.4

Action                   || total
-------------------------++-------
Melee: Dagger            ||    30
 Cast: Corona            ||     2
       Ensorcelled Hiber ||     3
 Stab: Sleeping          ||     7
Dodge: Dodged            ||    20

Table legend:
 A = Spawn XP
 B = Non-spawn XP
 C = Spawn XP percentage of total XP
 D = Spawn monster count
 E = Non-spawn monster count
 F = Spawn count percentage of total count
 G = Total turns spent on level
                    A         B        C        D         E        F      G
               +---------+---------+-------+---------+---------+-------+---------
         Total |       0 |      28 |   0.0 |       0 |      14 |   0.0 |  1067
               +---------+---------+-------+---------+---------+-------+---------
           D:1 |       0 |      24 |   0.0 |       0 |      12 |   0.0 |  1047
           D:2 |       0 |       4 |   0.0 |       0 |       2 |   0.0 |    20
               +---------+---------+-------+---------+---------+-------+---------
